 Dungeon Crawl Stone Soup version 0.30-a0-726-gd89dcf765f (webtiles) character file.

Game seed: 10006897459971159979

1201 octoduck the Cudgeller (level 8, -9/56 (64) HPs)
             Began as an Armataur Warper on Jan 29, 2023.
             Mangled by a wight
             ... wielding a +5 halberd
              (13 damage)
             ... on level 6 of the Dungeon.
             The game lasted 00:22:12 (6063 turns).

octoduck the Cudgeller (Armataur Warper)            Turns: 6063, Time: 00:22:13

HP:   -9/56 (64)    AC:  6    Str: 19    XL:     8   Next: 21%
MP:   10/10         EV: 10    Int: 13    God:
Gold: 92            SH:  0    Dex: 10    Spells: 2/10 levels left

rFire   . . .      SeeInvis .    a - +2 mace
rCold   . . .      Faith    .    (no shield)
rNeg    . . .      Spirit   .    b - +0 leather armour
rPois   .          Reflect  .    (no helmet)
rElec   .          Harm     .    (no cloak)
rCorr   .          Roll     +    h - +1 pair of gloves
Will    .....                    (no barding)
Stlth   +                        m - amulet of magic regeneration
HPRegen 0.29/turn                s - ring of wizardry
MPRegen 0.52/turn                (no ring)

@: heavily drained
A: large, rugged brown scales 3, deformed body, armoured tail, roll, long
tongue, awkward tongue
a: no special abilities


You were on level 6 of the Dungeon.
You visited 1 branch of the dungeon, and saw 6 of its levels.

You collected 310 gold pieces.
You spent 218 gold pieces at shops.

Inventory:

Hand Weapons
 a - a +2 mace (weapon)
Missiles
 d - 7 boomerangs of dispersal (quivered)
 i - 6 poisoned darts
 u - 3 boomerangs
Armour
 b - a +0 leather armour (worn)
 h - a +1 pair of gloves (worn)
 l - an orb of guile
Jewellery
 k - a ring of fire
 m - an amulet of magic regeneration (around neck)
 s - a ring of wizardry (left hand)
Wands
 r - a wand of charming (12)
 w - a wand of digging (8)
Scrolls
 c - a scroll of blinking
 e - a scroll of fear
 f - a scroll of amnesia
 j - a scroll of enchant weapon
 o - 4 scrolls of teleportation
 t - a scroll of brand weapon
Potions
 g - 4 potions of heal wounds
 n - a potion of attraction {unknown}
 p - a potion of magic
 q - a potion of mutation


   Skills:
 - Level 1.7 Fighting
 * Level 7.1 Maces & Flails
 - Level 0.8 Throwing
 - Level 1.2 Armour
 - Level 2.8 Dodging
 - Level 1.7 Spellcasting
 + Level 5.5 Translocations
 - Level 2.0 Air Magic


You had 2 spell levels left.
You knew the following spells:

 Your Spells              Type           Power      Damage    Failure   Level
a - Vhi's Electric Charg  Tloc/Air       22%        N/A       9%          3
b - Blink                 Tloc           30%        N/A       1%          2
c - Teleport Other        Tloc           15%        N/A       4%          3

Your spell library contained the following spells:

 Spells                   Type           Power      Damage    Failure   Level
 Lesser Beckoning         Tloc           30%        N/A       1%          2
 Manifold Assault         Tloc           15%        N/A       12%         4
 Kindle Blastsparks       Fire/Tloc/Air  14%        2d11      13%         3
 Ignite Poison            Fire/Tmut/Pois 1%         N/A       34%         3
 Freezing Cloud           Conj/Ice/Air   1%         6-21      92%         5


Dungeon Overview and Level Annotations

Branches:
Dungeon (6/15)
 Temple: D:4-7

Altars:
Kikubaaqudgha

Shops:
D:5 :=[(?:*

Annotations:
D:6 Dowan, Duvessa


Innate Abilities, Weirdness & Mutations

You are completely covered in rugged brown scales. (AC +3, +7% HP)
Armour fits poorly on your strangely shaped body.
You have a long armoured tail.
You roll when moving toward enemies. (Rampage)
Your long tongue fully drains potion bottles. (2x potion effects)
Your tongue gives you trouble enunciating. (1.5x scroll delay)


Message History

Charge where?
Press: ? - help, Dir - move target, f - wight
Aim: a wight, wielding a +3 hand axe and wearing a +0 robe (80% to hit)
You miscast Vhi's Electric Charge.
You are very lightly contaminated with residual magic.
Nothing appears to happen.
You climb upwards.
There is a stone staircase leading down here.
Magic restored.
Your magical contamination has completely faded away.
You see here a scroll of poison.
There is a stone staircase leading up here.
There is an entrance to Omestac's Jewellery Shop here.
There is a stone staircase leading down here.
You climb downwards.
Level annotation: Dowan, Duvessa
There is a stone staircase leading up here.
You see here 11 gold pieces.
You now have 92 gold pieces (gained 11).
There is a stone staircase leading up here.
Casting: Vhi's Electric Charge (dangerous; 9% risk of failure)
Confirm with . or Enter, or press ? or * to list all spells.
Charge where?
Press: ? - help, Dir - move target, f - wight
Aim: a wight, wielding a +5 halberd and wearing a +0 robe (80% to hit)
You charge forward with an electric crackle!
You hit the wight and electrocute it.
The wight is moderately damaged.
The wight hits you with a +5 halberd!
You closely miss the wight.
Your tail-slap misses the wight.
The wight is moderately damaged.
The wight hits you with a +5 halberd!
You feel drained. The wight hits you with a +5 halberd!
You feel drained. The wight attacks as you move away!
The wight hits you with a +5 halberd.
You feel drained.
The wight hits you from afar with a +5 halberd!!
* * * LOW HITPOINT WARNING * * *
There is a stone staircase leading up here.
The wight hits you from afar with a +5 halberd!
You die...

..........#. .>...........
.............# ..............##
.. ...............# #..
...............## #..#
................## #..#
..<........[....@## # #..#
...z..............##.# #..#
..............z......####..#
......................##<.#
................................
........?.......................
..................?.............
....................[...........
.............................e..


You could see a wight.

Vanquished Creatures
  An ice beast (D:5)
  A black bear (D:4)
  A centaur (D:5)
  3 scorpions (D:4)
  2 jellies (D:5)
  2 orc priests
  3 hounds
  Ijyb (D:5)
  5 iguanas
  Natasha (thrice) (D:3)
  6 orc wizards
  6 adders
  A shadow imp (D:5)
  An ufetubus (D:5)
  3 worms
  3 dart slugs
  9 orcs
  8 endoplasms
  5 giant cockroaches
  4 goblins
  8 hobgoblins
  2 jackals (D:1)
  9 kobolds
  A quokka (D:2)
  11 ball pythons
  2 bats
  6 frilled lizards
  12 rats
119 creatures vanquished.

Notes
Turn   | Place    | Note
-------+----------+-------------------------------------------
     0 | D:1      | octoduck the Armataur Warper began the quest for the Orb.
     0 | D:1      | Reached XP level 1. HP: 18/18 MP: 3/3
   115 | D:1      | Reached skill level 2 in Maces & Flails
   156 | D:1      | Reached XP level 2. HP: 23/25 MP: 4/4
   703 | D:1      | Reached skill level 3 in Maces & Flails
  1355 | D:2      | Reached XP level 3. HP: 13/31 MP: 5/5
  1569 | D:2      | Learned a level 3 spell: Vhi's Electric Charge
  1839 | D:2      | Reached XP level 4. HP: 35/38 MP: 6/6
  2227 | D:3      | Reached skill level 1 in Air Magic
  2254 | D:3      | Noticed Natasha
  2265 | D:3      | Killed Natasha
  2266 | D:3      | Reached skill level 4 in Maces & Flails
  2275 | D:3      | Noticed Natasha
  2280 | D:3      | Killed Natasha
  2283 | D:3      | Noticed Natasha
  2295 | D:3      | Killed Natasha
  2296 | D:3      | Reached XP level 5. HP: 30/43 MP: 7/7
  2358 | D:3      | Learned a level 2 spell: Blink
  3000 | D:4      | Reached XP level 6. HP: 28/51 MP: 8/8
  3059 | D:4      | Reached skill level 5 in Maces & Flails
  3076 | D:4      | HP: 1/51 [something/puff of flame (9)]
  3409 | D:4      | Identified the +2 ring mail of Tenotaergh {rElec rN+}
  3552 | D:4      | Found an ancient bone altar of Kikubaaqudgha.
  3583 | D:4      | Reached XP level 7. HP: 27/56 MP: 9/9
  3926 | D:5      | Entered Level 5 of the Dungeon
  3926 | D:5      | Found Omestac's Jewellery Shop.
  3933 | D:4      | Reached skill level 5 in Translocations
  4006 | D:5      | Found Liam's Magic Scroll Emporium.
  4009 | D:5      | Bought a scroll of identify for 24 gold pieces
  4009 | D:5      | Bought a scroll of brand weapon for 114 gold pieces
  4014 | D:5      | Found Seurgh's Weapon Shoppe.
  4027 | D:5      | Noticed Ijyb
  4490 | D:5      | Killed Ijyb
  4491 | D:5      | Reached skill level 6 in Maces & Flails
  4666 | D:5      | Found Niymial's Assorted Antiques.
  4669 | D:5      | Bought a scroll of identify for 40 gold pieces
  4669 | D:5      | Bought a scroll of identify for 40 gold pieces
  4750 | D:5      | Found Vedugur's Tremendous Tomes.
  5051 | D:5      | Learned a level 3 spell: Teleport Other
  5081 | D:5      | Found Gyvon's Antique Armour Boutique.
  5205 | D:5      | Found Uwexaog's Book Shop.
  5410 | D:5      | Reached XP level 8. HP: 56/64 MP: 10/10
  5835 | D:5      | Reached skill level 7 in Maces & Flails
  5862 | D:6      | Noticed Duvessa
  5862 | D:6      | Noticed Dowan
  6063 | D:6      | Mangled by a wight

Illustrated notes

Levels and vault maps discovered:
D:1:      onia_arrival_pentagram, layout_loops_corners, minmay_misc_feat_five
D:2:      layout_loops_corners, minmay_pentomino_w4
D:3:      layout_rooms, uniq_natasha
D:4:      layout_cave_pods, kiku_gazebo_pond_becter, portal_sewer_entry_e
D:5:      layout_basic, serial_shops, shop, nicolae_shop_window_shopping,
          nicolae_stop_n_shop_2, nicolae_shop_bloodbath_and_beyond, shop_statue,
          kennysheep_another_room, nicolae_stop_n_shop_2,
          nicolae_shop_i_like_big_books, uniq_ijyb
D:6:      layout_layer_cave, uniq_duvessa

Skill      XL: |  1  2  3  4  5  6  7  8 |
---------------+-------------------------+-----
Maces & Flails | 2 3 4 5 6 7 |  7.1
Air Magic      | 2 |  2.0
Translocations | 4 5 |  5.5
Dodging        | 2 |  2.8
Fighting       | |  1.7
Throwing       | |  0.8
Armour         | |  1.2
Spellcasting   | |  1.7

Action                     |  1- 3 |  4- 6 |  7- 9 || total
---------------------------+-------+-------+-------++-------
  Melee: Mace              |   106 |   147 |   149 ||   402
         Tailslap          |    12 |    20 |    28 ||    60
         Punch             |     1 |       |     3 ||     4
   Cast: Blink             |       |     1 |       ||     1
         Vhi's Electric Ch |       |       |    10 ||    10
    Use: Scroll            |     4 |     6 |     6 ||    16
         Potion            |       |     7 |     1 ||     8
   Stab: Sleeping          |     1 |       |       ||     1
 Armour: Leather armour    |    32 |    72 |    55 ||   159
  Dodge: Dodged            |    52 |    64 |    83 ||   199

Table legend: (Time is in decaauts)
 A = Elapsed time spent in this place.
 B = Non-inter-level travel time spent in this place.
 C = Inter-level travel time spent in this place.
 D = Time resting spent in this place.
 E = Time spent auto-exploring this place.
 F = Levels seen in this place.
 G = Mean time per level.
                   A        B        C        D        E       F      G
               +--------+--------+--------+--------+--------+-----+--------+
         Total |   6147 |   5595 |    552 |   1236 |   2881 |   6 | 1024.5 |
       Dungeon |   6147 |   5595 |    552 |   1236 |   2881 |   6 | 1024.5 |
               +--------+--------+--------+--------+--------+-----+--------+

Top non-repeatable levels by time:
     D:4: 1755 daAuts
     D:5: 1375 daAuts
     D:2: 1222 daAuts
     D:1: 1032 daAuts
     D:3: 688 daAuts
     D:6: 71 daAuts
